 Dungeon Crawl Stone Soup version 0.19.1-1-g22dce08 (webtiles) character file.

130 Peloso the Skirmisher (level 5, -1/46 HPs)
             Began as a Ghoul Fighter on Jan 6, 2017.
             Hit by a stone thrown by a gnoll (2 damage)
             ... on level 3 of the Dungeon.
             The game lasted 00:06:05 (2032 turns).

Peloso the Skirmisher (Ghoul Fighter)               Turns: 2032, Time: 00:06:06

Health: -1/46      AC:  6    Str: 25    XL:     5   Next: 14%
Magic:  4/4        EV:  7    Int:  3    God:
Gold:   119        SH:  9    Dex:  9    Spells: 0 memorised, 4 levels left

rFire  . . .     SeeInvis .     a - +0 long sword
rCold  + . .     Gourm    .     b - +0 scale mail
rNeg   + + +     Faith    .     c - +0 shield
rPois  ∞         Spirit   .     (no helmet)
rElec  .         Reflect  .     (no cloak)
rCorr  .         Harm     .     (no gloves)
MR     .....                    (no boots)
Stlth  ..........               (no amulet)
                                (no ring)
                                (no ring)

@: mighty, rotting
A: rotting body, claws 1, carnivore 3, cold resistance 1, negative energy
resistance 3, slow regeneration 1, torment resistance, unbreathing
a: no special abilities


You were on level 3 of the Dungeon.
You were not hungry.

You visited 1 branch of the dungeon, and saw 3 of its levels.

You collected 119 gold pieces.

Inventory:

Hand Weapons
 a - a +0 long sword (weapon)
Armour
 b - a +0 scale mail (worn)
 c - a +0 shield (worn)
 i - a +0 pair of boots
Jewellery
 r - a +3 ring of strength {unknown}
Scrolls
 e - 3 scrolls of identify {unknown}
 g - 2 scrolls of teleportation {unknown}
 h - a scroll of fear {unknown}
 n - a scroll of enchant armour {unknown}
 p - a scroll of amnesia {unknown}
Potions
 k - a potion of ambrosia {unknown}
 l - a potion of agility {unknown}
 q - a potion of degeneration {unknown}
 s - 2 potions of brilliance {unknown}
Comestibles
 f - a meat ration
 j - a slice of pizza
 m - a beef jerky
 o - 6 chunks of flesh


   Skills:
 + Level 3.7 Fighting
 + Level 3.1 Long Blades
 + Level 3.6 Armour
 + Level 0.5 Dodging
 + Level 3.1 Shields


You had 4 spell levels left.
You didn't know any spells.

Dungeon Overview and Level Annotations

Branches:
Dungeon (3/15)

Altars:
Qazlal
Vehumet
The Shining One

Annotations:
D:3 Grinder


Innate Abilities, Weirdness & Mutations

Your body is rotting away.
You thrive on raw meat.
You are immune to poison.
You have sharp fingernails.
You are carnivorous and can eat meat at any time.
Your flesh is cold resistant. (rC+)
You are immune to negative energy. (rN+++)
You regenerate slowly when monsters are visible.
You are immune to unholy pain and torment.
You can survive without breathing.


Message History

Grinder is heavily wounded.
Grinder gestures at you.
You suddenly lose the ability to move!
Grinder hits you but does no damage. Grinder hits you but does no damage.
Grinder hits you!
* * * LOW HITPOINT WARNING * * *
A gnoll comes into view. It is wielding a club.
The gnoll shouts!
The gnoll throws a stone.
The stone completely misses you. Grinder barely misses you.
You can move again.
You slash Grinder!
Grinder is almost dead.
Grinder hits you.
* * * LOW HITPOINT WARNING * * *
Unknown command.
You closely miss Grinder.
Grinder is almost dead.
The gnoll throws a stone.
The stone hits you.
You die...

############
######.......†5@#
........#######.#
..#........# #.#
#.##..##.####g#####
# #.............!#
#.###.####.........
#.# # ####..####
#.# .5# ##.## .#


You could see Grinder and a gnoll.

Vanquished Creatures
  4 adders
  3 gnolls
  An ooze (D:1)
  4 worms (D:2)
  2 dart slugs
  A leopard gecko (D:2)
  An orc (D:3)
  A ball python (D:1)
  7 bats
  2 giant cockroaches (D:2)
  2 hobgoblins
  2 jackals (D:2)
  3 kobolds
  4 frilled lizards
  3 goblins
  7 rats
47 creatures vanquished.

Notes
Turn   | Place    | Note
-------+----------+-------------------------------------------
     0 | D:1      | Peloso the Ghoul Fighter began the quest for the Orb.
     0 | D:1      | Reached XP level 1. HP: 19/19 MP: 0/0
   119 | D:1      | Reached XP level 2. HP: 24/26 MP: 1/1
   517 | D:2      | Reached XP level 3. HP: 18/31 MP: 2/2
   879 | D:2      | Found a glowing golden altar of the Shining One.
  1023 | D:2      | Reached XP level 4. HP: 27/38 MP: 3/3
  1435 | D:2      | Found a radiant altar of Vehumet.
  1496 | D:2      | Found a stormy altar of Qazlal.
  1922 | D:3      | Reached XP level 5. HP: 46/46 MP: 4/4
  1982 | D:3      | Noticed Grinder
  1982 | D:3      | Paralysed by Grinder for 7 turns
  2000 | D:3      | Paralysed by Grinder for 7 turns
  2022 | D:3      | Paralysed by Grinder for 4 turns
  2027 | D:3      | Paralysed by Grinder for 4 turns
  2031 | D:3      | HP: 1/46 [Grinder (5)]
  2032 | D:3      | Hit by a stone thrown by a gnoll

Skill      XL: |  1  2  3  4 |
---------------+-------------+-----
Armour         | 3 |  3.6
Long Blades    | 2 3 |  3.1
Shields        | 3 |  3.1
Fighting       | |  3.7
Dodging        | |  0.5

Action                   |  1- 3 |  4- 6 || total
-------------------------+-------+-------++-------
Melee: Long sword        |   111 |   107 ||   218
  Use: Potion            |       |     1 ||     1
  Eat: Chunk             |       |     8 ||     8
Armor: Scale mail        |    62 |    66 ||   128
Dodge: Dodged            |    35 |    40 ||    75
Block: Shield            |    46 |    46 ||    92
       Rpst.: Long sword |     7 |     9 ||    16
